 Dungeon Crawl Stone Soup version 0.24-a0-458-gfcb5e6da0e (webtiles) character file.

Game seed: 1662596874452612835

592 KristoblXynda the Slasher (level 7, 0/50 HPs)
             Began as a Demonspawn Gladiator on June 26, 2019.
             Slain by a black bear (2 damage)
             ... on level 4 of the Dungeon.
             The game lasted 00:04:33 (4118 turns).

KristoblXynda the Slasher (Demonspawn Gladiator)    Turns: 4118, Time: 00:04:34

Health: 0/50       AC:  8    Str: 15    XL:     7   Next: 16%
Magic:  7/7        EV: 13    Int: 10    God:
Gold:   171        SH:  0    Dex: 15    Spells: 6/6 levels left

rFire    . . .     SeeInvis .   a - +0 long sword
rCold    . . .     Gourm    .   (no shield)
rNeg     . . .     Faith    .   m - +0 ring mail
rPois    .         Spirit   .   (helmet restricted)
rElec    .         Reflect  .   u - +1 cloak
rCorr    .         Harm     .   (no gloves)
MR       .....                  (no boots)
Stlth    +.........             (no amulet)
HPRegen  0.16/turn              (no ring)
MPRegen  0.10/turn              (no ring)

@: no status effects
A: claws 1, horns 1, talons 1, powered by pain 2
a: no special abilities


You were on level 4 of the Dungeon.
You were not hungry.

You visited 1 branch of the dungeon, and saw 4 of its levels.

You collected 171 gold pieces.

Inventory:

Hand Weapons
 a - a +0 long sword (weapon)
Missiles
 d - 3 throwing nets (quivered)
Armour
 m - a +0 ring mail (worn)
 u - a +1 cloak (worn)
Jewellery
 x - a cursed ring of attention {unknown}
Scrolls
 e - 2 scrolls of fog {unknown}
 h - 3 scrolls of noise {unknown}
 j - 4 scrolls of remove curse
 n - 3 scrolls of random uselessness {unknown}
 o - 4 scrolls of immolation {unknown}
 r - a scroll of fear {unknown}
 v - 2 scrolls of enchant armour {unknown}
 w - a scroll of enchant weapon {unknown}
Potions
 b - 2 potions of mutation
 c - a potion of haste {unknown}
 g - a potion of invisibility {unknown}
 i - 2 potions of heal wounds
 k - 2 potions of resistance
 l - a potion of flight {unknown}
 p - 2 potions of agility {unknown}
 q - 3 potions of curing
 s - a potion of cancellation
 t - 2 potions of lignification {unknown}
 z - a potion of ambrosia {unknown}
Comestibles
 f - 9 rations


   Skills:
 - Level 2.0 Fighting
 + Level 4.8 Long Blades
 - Level 2.0 Throwing
 + Level 3.8 Armour
 + Level 4.8 Dodging


You had 6 spell levels left.
You didn't know any spells.
Your spell library was empty.

Dungeon Overview and Level Annotations

Branches:
Dungeon (4/15)
 Temple: D:4-7

Altars:
Vehumet


Innate Abilities, Weirdness & Mutations

You have sharp fingernails.
You have a pair of small horns on your head.
You have sharp toenails.
You sometimes gain power by taking damage.


Message History

* * * LOW HITPOINT WARNING * * *
The black bear claws you but does no damage. x2
The black bear bites you.
* * * LOW HITPOINT WARNING * * *
The black bear closely misses you.
The black bear claws you but does no damage.
You hit the black bear. You claw the black bear.
The black bear is almost dead.
The black bear misses you. x2
The black bear claws you but does no damage.
The black bear completely misses you. x2; The black bear barely misses you.
Unknown command.
You completely miss the black bear. Your headbutt misses the black bear.
The black bear is almost dead.
The black bear bites you!
* * * LOW HITPOINT WARNING * * *
The black bear closely misses you. The black bear barely misses you.
The black bear closely misses you. The black bear barely misses you.
The black bear claws you.
You die...

## ###### .#
##....# .#
##..@h.# .#
#####...##.#
.########.....รท##
# ..........###..#
.####### #..## .#
#...## .# ##...##
## ##...## ##...#


You could see a black bear (berserk).

Vanquished Creatures
  Grinder (D:3)
  The ghost of Torious the Conjurer, an amateur DECj (D:3)
  A howler monkey (D:4)
  An orc priest (D:3)
  Jessica (D:2)
  A worker ant (D:4)
  7 adders
  An ooze (D:2)
  A worm (D:3)
  3 dart slugs
  4 leopard geckos
  3 orcs (D:3)
  6 bats
  6 giant cockroaches
  6 goblins
  6 hobgoblins
  18 jackals
  6 kobolds
  2 quokkas (D:2)
  2 ball pythons
  4 frilled lizards
  4 rats
85 creatures vanquished.

Notes
Turn   | Place    | Note
-------+----------+-------------------------------------------
     0 | D:1      | KristoblXynda the Demonspawn Gladiator began the quest for
                  | the Orb.
     0 | D:1      | Reached XP level 1. HP: 16/16 MP: 1/1
   317 | D:1      | Gained mutation: You sometimes gain a little power by
                  | taking damage. [demonic ancestry]
   317 | D:1      | Reached XP level 2. HP: 17/22 MP: 2/2
  1105 | D:2      | Reached skill level 1 in Armour
  1291 | D:2      | Noticed Jessica
  1312 | D:2      | Killed Jessica
  1312 | D:2      | Reached XP level 3. HP: 11/27 MP: 3/3
  1660 | D:2      | Gained mutation: You have a pair of small horns on your
                  | head. [demonic ancestry]
  1660 | D:2      | Reached XP level 4. HP: 24/33 MP: 4/4
  1780 | D:2      | Found a radiant altar of Vehumet.
  2670 | D:3      | Gained mutation: You have sharp fingernails. [demonic
                  | ancestry]
  2670 | D:3      | Reached XP level 5. HP: 32/38 MP: 5/5
  2754 | D:3      | Noticed Grinder
  2766 | D:3      | Paralysed by Grinder for 3 turns
  2768 | D:3      | HP: 1/38 [Grinder (4)]
  2779 | D:3      | Killed Grinder
  2779 | D:3      | Gained mutation: You have sharp toenails. [demonic
                  | ancestry]
  2779 | D:3      | Reached XP level 6. HP: 21/44 MP: 6/6
  3351 | D:3      | Found a runed translucent door.
  3354 | D:3      | Noticed Torious's ghost (amateur DECj)
  3551 | D:3      | Killed Torious's ghost
  3779 | D:4      | Gained mutation: You sometimes gain power by taking damage.
                  | [demonic ancestry]
  3779 | D:4      | Reached XP level 7. HP: 43/50 MP: 7/7
  4118 | D:4      | HP: 2/50 [black bear (9)]
  4118 | D:4      | Slain by a black bear

Levels and vault maps discovered:
D:1:      saegor_arrival_miasma, layout_loops_ring, kennysheep_doodads,
          chequers_serial_rivers_marsh
D:2:      layout_basic, nicolae_overflow_crystal_walls,
          minmay_randomly_rotated_circles, uniq_jessica
D:3:      layout_loops_ring, ebering_ghost_sewer_d, uniq_grinder
D:4:      black_bear_nest_2, layout_loops_corners, first_ration

Skill      XL: |  1  2  3  4  5 |
---------------+----------------+-----
Throwing       | 2 |  2.0
Dodging        | 3 4 |  4.8
Long Blades    | 3 4 |  4.8
Armour         | 1 2 3 |  3.8
Fighting       | |  2.0

Action                   |  1- 3 |  4- 6 |  7- 9 || total
-------------------------+-------+-------+-------++-------
Melee: Long sword        |    80 |   131 |    30 ||   241
       Headbutt          |       |    22 |     6 ||    28
       Kick              |       |    23 |     4 ||    27
  Use: Scroll            |       |     6 |       ||     6
       Potion            |       |     3 |       ||     3
  Eat: Chunk             |     2 |     4 |     1 ||     7
       Ration            |       |     1 |       ||     1
Armor: Leather armour    |    16 |       |       ||    16
       Ring mail         |     6 |    39 |    19 ||    64
Dodge: Dodged            |    73 |    90 |    29 ||   192
       Rpst.: Long sword |    21 |    28 |     5 ||    54

Table legend:
 A = Non-vault XP
 B = Vault XP
 C = Vault XP percentage of total XP
 D = Non-vault monster count
 E = Vault monster count
 F = Vault count percentage of total count
                 A         B        C        D         E       F
            +---------+---------+-------+---------+---------+-------
      Total |     343 |     503 |  59.5 |      74 |      11 |  12.9
            +---------+---------+-------+---------+---------+-------
        D:1 |      31 |       0 |   0.0 |      17 |       0 |   0.0
        D:2 |      75 |      47 |  38.5 |      18 |       7 |  28.0
        D:3 |     111 |     456 |  80.4 |      26 |       4 |  13.3
        D:4 |     126 |       0 |   0.0 |      13 |       0 |   0.0
            +---------+---------+-------+---------+---------+-------
